 Dungeon Crawl Stone Soup version 0.30.0-5-g1a98f26d00 (webtiles) character file.

Game seed: 12672238473680312938

115 AarnesTheHuman the Chopper (level 5, -6/47 HPs)
             Began as a Hill Orc Fighter on May 10, 2023.
             Engulfed by a cloud of steam (12 damage)
             ... on level 3 of the Dungeon.
             The game lasted 00:03:45 (1944 turns).

AarnesTheHuman the Chopper (Hill Orc Fighter)       Turns: 1944, Time: 00:03:45

Health: -6/47      AC:  7    Str: 21    XL:     5   Next: 0%
Magic:  5/5        EV:  9    Int:  8    God:
Gold:   98         SH:  4    Dex: 10    Spells: 4/4 levels left

rFire   . . .        a - +0 war axe
rCold   . . .        c - +0 buckler
rNeg    . . .        h - +0 scale mail
rPois   .            (no helmet)
rElec   .            (no cloak)
rCorr   .            (no gloves)
SInv    .            (no boots)
Will    +....        (no amulet) Stlth
                     s - ring of willpower
HPRegen 0.27/turn    (no ring)
MPRegen 0.09/turn

%: no passive effects
@: very slow
A: no striking features
a: no special abilities


You were on level 3 of the Dungeon.
You visited 1 branch of the dungeon, and saw 3 of its levels.

You collected 98 gold pieces.

Inventory:

Hand Weapons
 a - a +0 war axe (weapon)
 b - a +0 sling
Missiles
 k - 40 stones (quivered)
Armour
 c - a +0 buckler (worn)
 h - a +0 scale mail (worn)
Jewellery
 s - a ring of willpower (left hand)
Scrolls
 e - a scroll of enchant armour {unknown}
 g - 6 scrolls of identify {unknown}
 l - a scroll of teleportation {unknown}
 n - a scroll of blinking {unknown}
 q - a scroll of silence {unknown}
 r - 2 scrolls of vulnerability {unknown}
 t - a scroll of immolation {unknown}
Potions
 d - a potion of might
 f - 2 potions of curing
 i - 2 potions of brilliance {unknown}
 j - 3 potions of degeneration {unknown}
 m - a potion of experience {unknown}
 o - a potion of haste {unknown}
 p - a potion of heal wounds {unknown}


   Skills:
 + Level 4.3 Fighting
 * Level 4.6 Axes
 + Level 4.0 Armour
 + Level 4.0 Shields


You had 4 spell levels left.
You didn't know any spells.
Your spell library contained the following spells:

 Spells                   Type           Power      Damage    Failure   Level
 Beastly Appendage        Tmut           0%         N/A       80%         1
 Wereblood                Tmut           0%         N/A       91%         2
 Spider Form              Tmut/Pois      0%         N/A       99%         3


Dungeon Overview and Level Annotations

Branches:
Dungeon (3/15)

Altars:
Ashenzari
Yredelemnul

Shops:
D:1 ?!:(


Message History

Really walk into that cloud of steam?
Okay, then.
You closely miss something.
You feel very sick.
You closely miss something.
You feel sick. Something hits you but does no damage.
You are more poisoned.
The orc is engulfed in a cloud of scalding steam.
The orc closely misses you. Something hits you but does no damage.
You miss something. x2
* * * LOW HITPOINT WARNING * * *
You feel very sick. Something hits you.
* * * LOW HITPOINT WARNING * * *
The orc completely misses you. Something hits you but does no damage.
You are more poisoned.
You feel better. Something hits you.
The orc hits you from afar with a +0 spear.
* * * LOW HITPOINT WARNING * * *
You hear a splashing noise.
You closely miss something. You hit something but do no damage.
Something hits you.
* * * LOW HITPOINT WARNING * * *
The orc splashes around in the water.
Something hits you but does no damage.
You enter the shallow water.
Moving in this stuff is going to be slow.
Something hits you but does no damage. The orc hits you but does no damage.
You hear some strange, mumbled words.
A puff of flame appears from out of thin air!
The puff of flame hits you.
* * * LOW HITPOINT WARNING * * *
You hit the orc but do no damage.
The orc is almost dead.
You miss something. You hit the plant.
The plant begins to die.
You hit something.
You hear a splash. x3
Reactivating autopickup.
You feel a bit more experienced.
You are engulfed in a cloud of scalding steam.
You die...

P~~##........# #...##.#
PP~###........###...##.#
~~~)....>...........##.#
P~...........#.##.#.####
~P.~##..####.#.##.#.#
♣~~.~~..# #.#.##...#
P♣~~~~~.####.#.##.#.#
~~P~♣~o~~...........#
#.PP~~~@{###)####.###
###...P).# #.# #.#
#..~.~~###.# #.#
##.........# #.#
..........### #.#
###.####### #.# #. #.#
## ###


You could see an orc.

Vanquished Creatures
  An orc priest (D:3)
  An orc wizard (D:3)
  2 adders
  A dart slug (D:3)
  3 orcs
  5 ball pythons
  6 endoplasms
  A giant cockroach (D:2)
  7 goblins
  3 hobgoblins
  5 jackals (D:1)
  A quokka (D:3)
  11 bats
  3 frilled lizards
  4 kobolds
  8 rats
62 creatures vanquished.

Notes
Turn   | Place    | Note
-------+----------+-------------------------------------------
     0 | D:1      | AarnesTheHuman the Hill Orc Fighter began the quest for the
                  | Orb.
     0 | D:1      | Reached XP level 1. HP: 19/19 MP: 1/1
    37 | D:1      | Reached XP level 2. HP: 12/27 MP: 2/2
   123 | D:1      | Found Feomiog's Magic Scroll Boutique.
   430 | D:1      | Found Wumpyd Utyt's Antique Weapon Shop.
   441 | D:1      | Found Bicvuret's Book Boutique.
   683 | D:1      | Reached XP level 3. HP: 33/33 MP: 3/3
   696 | D:1      | Found Gurgheac's Distillery.
  1389 | D:3      | Reached XP level 4. HP: 39/40 MP: 4/4
  1606 | D:3      | Found a basalt altar of Yredelemnul.
  1606 | D:3      | Found a broken altar of Ashenzari.
  1933 | D:3      | Reached XP level 5. HP: 20/47 MP: 5/5
  1944 | D:3      | Engulfed by a cloud of steam

Illustrated notes

Levels and vault maps discovered:
D:1:      scummos_arrival_simple_crosswalls, layout_loops_cross, serial_shops,
          nicolae_book_shop_shelving, nicolae_shop_competitors_out_of_business,
          shop, nicolae_shop_tiny_statue_garden, minmay_misc_feat_doors
D:2:      layout_rooms
D:3:      layout_basic, mainiacjoe_overflow_six_doors_small,
          gammafunk_temple_overflow_pools, serial_bayou, serial_bayou_lagoon_a,
          serial_bayou_ford_a, serial_bayou_pond_d, serial_bayou_shore_a

Skill      XL: |  1  2  3  4 |
---------------+-------------+-----
Axes           | 3 4 |  4.6
Fighting       | 4 |  4.3
Armour         | 4 |  4.0
Shields        | 4 |  4.0

Action                     |  1- 3 |  4- 6 || total
---------------------------+-------+-------++-------
  Melee: War axe           |   128 |    51 ||   179
    Use: Potion            |       |     2 ||     2
 Armour: Scale mail        |    74 |    27 ||   101
  Dodge: Dodged            |    78 |    27 ||   105
  Block: Buckler           |    36 |    15 ||    51
